 Dungeon Crawl Stone Soup version 0.30-a0-374-g95c0257040 (webtiles) character file.

Game seed: 2188691702030505698

5781 gruber the Frost Mage (level 10, 0/76 HPs)
             Began as a Gnoll Ice Elementalist on Nov 26, 2022.
             Was a Follower of Okawaru.
             Succumbed to a swamp dragon's poison gas
             ... on level 8 of the Dungeon.
             The game lasted 00:13:07 (7752 turns).

gruber the Frost Mage (Gnoll Ice Elementalist)      Turns: 7752, Time: 00:13:08

Health: 0/76       AC: 22    Str:  9    XL:     10   Next: 78%
Magic:  15/21      EV: 12    Int: 18    God:    Okawaru [*.....]
Gold:   398        SH:  0    Dex: 12    Spells: 17/24 levels left

rFire   . . .      SeeInvis +    L - +8 mace of Qicykke {flame, rCorr}
rCold   . . .      Faith    .    (no shield)
rNeg    + . .      Spirit   .    G - +1 ring mail "Wanoide" {SInv}
rPois   .          Reflect  .    t - +0 helmet
rElec   .          Harm     .    w - +2 cloak {Stlth+}
rCorr   +          Rampage  +    a - +0 pair of gloves
Will    .....                    y - +2 pair of boots {rampage}
Stlth   ++++......               p - amulet of regeneration
HPRegen 1.12/turn                u - ring of positive energy
MPRegen 0.17/turn                (no ring)

@: brilliant, lethally poisoned (0 -> -24), ice-armoured, freezing walls,
hasted, studying Shields, very quick
A: fangs 1, strong nose, distributed training
a: Renounce Religion, Heroism


You were on level 8 of the Dungeon.
You worshipped Okawaru.
Okawaru was aware of your devotion.
You visited 2 branches of the dungeon, and saw 9 of its levels.

You collected 578 gold pieces.
You spent 180 gold pieces at shops.

Inventory:

Hand Weapons
 v - a +1 vorpal arbalest
 D - a +4 trident
 L - the +8 mace of Qicykke (weapon) {flame, rCorr}
   (You found it on level 8 of the Dungeon)

   It burns those it strikes, dealing additional fire damage.
   rCorr:     It protects you from acid and corrosion.
Armour
 a - a +0 pair of gloves (worn)
 t - a +0 helmet (worn)
 w - a +2 cloak of stealth (worn)
 x - a +2 leather armour of fire resistance
 y - a +2 pair of boots of rampaging (worn)
 G - the +1 ring mail "Wanoide" (worn) {SInv}
   (You found it on level 8 of the Dungeon)

   SInv:      It lets you see invisible.
Jewellery
 i - an amulet of magic regeneration
 p - an amulet of regeneration (around neck)
 u - a ring of positive energy (left hand)
Wands
 r - a wand of digging (6)
 B - a wand of polymorph (7)
Scrolls
 c - 3 scrolls of immolation {unknown}
 d - 3 scrolls of torment {unknown}
 g - 3 scrolls of poison {unknown}
 j - 13 scrolls of identify {unknown}
 l - 2 scrolls of vulnerability {unknown}
 n - a scroll of summoning {unknown}
 o - 2 scrolls of teleportation {unknown}
 q - 3 scrolls of magic mapping {unknown}
 s - a scroll of noise {unknown}
 H - a scroll of blinking {unknown}
 I - a scroll of enchant weapon {unknown}
 K - a scroll of enchant armour {unknown}
Potions
 b - a potion of magic
 e - a potion of invisibility
 f - a potion of haste
 h - 3 potions of curing
 k - a potion of brilliance
 m - 4 potions of heal wounds
 z - 2 potions of might {unknown}
 A - a potion of lignification {unknown}
 C - a potion of mutation {unknown}
 E - a potion of flight {unknown}
 J - a potion of berserk rage {unknown}


   Skills:
 + Level 5.8 Fighting
 + Level 5.8 Short Blades
 + Level 5.8 Long Blades
 + Level 5.8 Axes
 + Level 5.8 Maces & Flails
 + Level 5.8 Polearms
 + Level 5.8 Staves
 + Level 5.8 Ranged Weapons
 + Level 5.8 Throwing
 + Level 5.8 Armour
 + Level 7.5 Dodging
 + Level 7.2 Stealth
 + Level 6.4 Shields
 + Level 5.8 Unarmed Combat
 + Level 7.7 Spellcasting
 + Level 4.8 Conjurations
 + Level 4.8 Hexes
 + Level 4.8 Summonings
 + Level 4.8 Necromancy
 + Level 4.8 Translocations
 + Level 4.8 Transmutations
 + Level 4.8 Fire Magic
 + Level 8.7 Ice Magic
 + Level 4.8 Air Magic
 + Level 4.8 Earth Magic
 + Level 4.8 Poison Magic
 + Level 6.4 Invocations
 + Level 5.8 Evocations


You had 17 spell levels left.
You knew the following spells:

 Your Spells              Type           Power      Damage    Failure   Level
a - Freeze                Ice            100%       1d10      1%          1
b - Frozen Ramparts       Ice            100%       1d16      1%          3
c - Ozocubu's Armour      Ice            55%        N/A       1%          3

Your spell library contained the following spells:

 Spells                   Type           Power      Damage    Failure   Level
 Magic Dart               Conj           100%       1d8       3%          1
 Blink                    Tloc           72%        N/A       4%          2
 Momentum Strike          Conj/Tloc      72%        3d10      4%          2
 Scorch                   Fire           72%        2d8       4%          2
 Searing Ray              Conj           72%        2d7       4%          2
 Lesser Beckoning         Tloc           72%        N/A       10%         3
 Flame Wave               Conj/Fire      36%        2d10      32%         4
 Fulminant Prism          Conj/Hex       18%        3d10      32%         4
 Manifold Assault         Tloc           36%        N/A       32%         4
 Dispersal                Tloc           18%        N/A       99%         6
 Disjunction              Tloc           18%        N/A       100%        8
 Summon Ice Beast         Ice/Summ       Unusable   N/A       N/A         4
 Summon Cactus Giant      Summ           Unusable   N/A       N/A         6

Dungeon Overview and Level Annotations

Branches:
Dungeon (8/15)             Temple (1/1) D:4
   Lair: D:8-11

Altars:
Ashenzari
Cheibriados
Dithmenos
Elyvilon
Fedhas
Gozag
Hepliaklqana
Kikubaaqudgha
Makhleb
Nemelex Xobeh
Okawaru
Qazlal
Ru
Sif Muna
Trog
Uskayaw
Vehumet
Zin
The Shining One

Shops:
D:1 [   D:4 **[=:   D:5 *   D:8 :

Annotations:
D:5 2 transporters
D:6 2 transporters, emiel's ghost, novice MiBe


Innate Abilities, Weirdness & Mutations

You have very sharp teeth.
Your uncanny sense of smell can sniff out nearby items.
Your experience applies equally to all skills.


Message History

You are more poisoned.
You feel very sick.
The wall freezes the swamp dragon but does no damage.
The swamp dragon completely misses you. The swamp dragon closely misses you.
The swamp dragon tramples you but does no damage.
You hit the swamp dragon. You burn the swamp dragon.
Your bite misses the swamp dragon.
The swamp dragon is moderately wounded.
You are engulfed in poison gas.
You are more poisoned.
You feel extremely sick.
You are too injured to fight recklessly!
Unknown command.
You are too injured to fight recklessly!
Unknown command.
Unknown command.
Unknown command.
You hit the swamp dragon. You burn the swamp dragon.
The swamp dragon is moderately wounded.
You are engulfed in poison gas.
You are lethally poisoned!
You feel extremely sick.
The wall freezes the swamp dragon!
The swamp dragon barely misses you. The swamp dragon claws you!
* * * LOW HITPOINT WARNING * * *
The swamp dragon tramples you.
* * * LOW HITPOINT WARNING * * *
You hold your ground!
Unknown command.
You thump the swamp dragon! You burn the swamp dragon.
The swamp dragon is severely wounded.
* * * LOW HITPOINT WARNING * * *
You feel extremely sick.
The wall freezes the swamp dragon but does no damage.
The swamp dragon bites you but does no damage.
The swamp dragon barely misses you.
The swamp dragon tramples you but does no damage.
Unknown command.
Unknown command.
You barely miss the swamp dragon. Your punch misses the swamp dragon.
The swamp dragon is severely wounded.
You die...

....##..##.##..#......).....'....
.....##.##.##.##..#.#.#.#.#.#....
####..##..#..####.#.#.#.#.#.#....
# ##..###....(####.#.#.#.###....
######...##..##.###.#.#.#(##.....
.....#..##.###}#.####.#.###..>...
.......##.##..###.####'###.......
..∩....#.##.###D##.#.............
.......#.#.##)"#@#.#.............
######.'.#.#s.9#☼#.'.............
# #.#.#)##.##°#.#............. #
#.#.##.###○##.#..........#<# #
#.##.##|..##.##........#.#.# #
#..##.#####.##.........#.#.# #
##. ##.....##..#.......#.#.# #
#..###'###..##.......#.#..
#.........###.......#.###


You could see a swamp dragon.

Vanquished Creatures
  Erica (D:8)
  A boulder beetle (D:8)
  An ugly thing (D:8)
  A cyclops (D:8)
  A gargoyle (D:8)
  An unseen horror (D:8)
  Prince Ribbit (D:8)
  A wraith (D:8)
  2 steam dragons
  2 water moccasins
  2 orc warriors
  An ice beast (D:8)
  A sky beast (D:6)
  4 ogres
  A centaur (D:6)
  Blork the orc (D:6)
  4 bullfrogs
  A scorpion (D:5)
  2 wights (D:8)
  4 killer bees (D:7)
  A howler monkey (D:8)
  3 jellies
  3 orc priests
  2 gnoll boudas
  4 hounds
  6 iguanas
  8 orc wizards
  7 gnolls
  7 adders
  A shadow imp (D:8)
  A worm (D:2)
  7 dart slugs
  16 orcs
  6 ball pythons
  A bat (D:1)
  11 endoplasms
  4 giant cockroaches
  13 goblins
  5 hobgoblins
  8 jackals
  6 kobolds
  5 quokkas
  4 frilled lizards
  8 rats
170 creatures vanquished.

Notes
Turn   | Place    | Note
-------+----------+-------------------------------------------
     0 | D:1      | gruber the Gnoll Ice Elementalist began the quest for the
                  | Orb.
     0 | D:1      | Reached XP level 1. HP: 13/13 MP: 6/6
   108 | D:1      | Found Salagu's Antique Armour Emporium.
   205 | D:1      | Reached XP level 2. HP: 16/19 MP: 4/7
   507 | D:1      | You fall into a shaft and drop 1 floor!
  1023 | D:2      | Reached skill level 5 in Spellcasting
  1023 | D:2      | Reached XP level 3. HP: 23/25 MP: 6/9
  1032 | D:2      | Learned a level 3 spell: Frozen Ramparts
  1036 | D:2      | Learned a level 3 spell: Ozocubu's Armour
  1603 | D:2      | Reached skill level 1 in Invocations
  1796 | D:2      | Reached skill level 1 in Fighting
  1796 | D:2      | Reached skill level 1 in Short Blades
  1796 | D:2      | Reached skill level 1 in Long Blades
  1796 | D:2      | Reached skill level 1 in Axes
  1796 | D:2      | Reached skill level 1 in Maces & Flails
  1796 | D:2      | Reached skill level 1 in Polearms
  1796 | D:2      | Reached skill level 1 in Staves
  1796 | D:2      | Reached skill level 1 in Ranged Weapons
  1796 | D:2      | Reached skill level 1 in Throwing
  1796 | D:2      | Reached skill level 1 in Armour
  1796 | D:2      | Reached skill level 1 in Shields
  1796 | D:2      | Reached skill level 1 in Unarmed Combat
  1796 | D:2      | Reached skill level 1 in Evocations
  2016 | D:3      | Reached XP level 4. HP: 31/32 MP: 9/11
  2475 | D:3      | Reached skill level 1 in Conjurations
  2475 | D:3      | Reached skill level 1 in Hexes
  2475 | D:3      | Reached skill level 1 in Summonings
  2475 | D:3      | Reached skill level 1 in Necromancy
  2475 | D:3      | Reached skill level 1 in Translocations
  2475 | D:3      | Reached skill level 1 in Transmutations
  2475 | D:3      | Reached skill level 1 in Fire Magic
  2475 | D:3      | Reached skill level 1 in Air Magic
  2475 | D:3      | Reached skill level 1 in Earth Magic
  2475 | D:3      | Reached skill level 1 in Poison Magic
  2518 | D:3      | Reached XP level 5. HP: 37/37 MP: 12/12
  2730 | D:3      | Found a sparkling altar of Nemelex Xobeh.
  2805 | D:4      | Found Tipuf's General Store.
  2924 | D:4      | Found Zin's Purification Station.
  2926 | D:4      | Found a glowing silver altar of Zin.
  3033 | D:4      | Found a staircase to the Ecumenical Temple.
  3337 | D:4      | Found a blossoming altar of Fedhas.
  3343 | D:4      | Reached XP level 6. HP: 38/44 MP: 13/13
  3466 | D:4      | Found Pakhles's Book Shoppe.
  3688 | D:4      | Found Gischodisa's Antique Armour Shop.
  3696 | D:4      | Bought an embroidered cloak for 180 gold pieces
  3710 | D:4      | Found Esoec's Jewellery Emporium.
  3766 | D:5      | Entered Level 5 of the Dungeon
  3776 | D:5      | Reached skill level 5 in Dodging
  3915 | D:5      | Found an opulent altar of Gozag.
  4015 | D:5      | Reached XP level 7. HP: 47/51 MP: 6/15
  4172 | D:5      | Reached skill level 5 in Stealth
  4349 | D:5      | Found a transporter.
  4350 | D:5      | Found a transporter.
  4353 | D:5      | Noticed a yak
  4354 | D:5      | Noticed a yak
  4360 | D:5      | Noticed a shadow
  4364 | D:5      | Found a broken altar of Ashenzari.
  4384 | D:5      | Found Xaof Hunt's Lightly-Used Armoury.
  4469 | D:6      | Reached XP level 8. HP: 41/58 MP: 4/16
  4469 | D:6      | Found a white marble altar of Elyvilon.
  4470 | D:6      | Found a radiant altar of Vehumet.
  4471 | D:6      | Found a sacrificial altar of Ru.
  4947 | D:6      | Found a transporter.
  4949 | D:6      | Noticed emiel's ghost (novice MiBe)
  4968 | D:6      | Noticed a hornet
  4982 | D:6      | Noticed a queen bee
  5018 | D:6      | Found a transporter.
  5022 | D:6      | Noticed Blork the orc
  5024 | D:6      | Killed Blork the orc
  5285 | D:6      | Reached XP level 9. HP: 55/65 MP: 18/18
  5462 | Temple   | Entered the Ecumenical Temple
  6146 | D:7      | Reached skill level 8 in Ice Magic
  6520 | D:8      | Noticed a green ugly thing
  6543 | D:8      | Killed a green ugly thing
  6544 | D:8      | Reached skill level 5 in Invocations
  6664 | D:8      | Found Tozebedo's Book Boutique.
  6694 | D:8      | Noticed Erica
  6706 | D:8      | Killed Erica
  6712 | D:8      | Reached skill level 5 in Fighting
  6712 | D:8      | Reached skill level 5 in Short Blades
  6712 | D:8      | Reached skill level 5 in Long Blades
  6712 | D:8      | Reached skill level 5 in Axes
  6712 | D:8      | Reached skill level 5 in Maces & Flails
  6712 | D:8      | Reached skill level 5 in Polearms
  6712 | D:8      | Reached skill level 5 in Staves
  6712 | D:8      | Reached skill level 5 in Ranged Weapons
  6712 | D:8      | Reached skill level 5 in Throwing
  6712 | D:8      | Reached skill level 5 in Armour
  6712 | D:8      | Reached skill level 5 in Shields
  6712 | D:8      | Reached skill level 5 in Unarmed Combat
  6712 | D:8      | Reached skill level 5 in Evocations
  6712 | D:8      | Reached XP level 10. HP: 58/74 MP: 12/20
  6809 | D:8      | Noticed Prince Ribbit
  6816 | D:8      | Killed Prince Ribbit
  6845 | D:8      | Found an iron altar of Okawaru.
  6860 | D:8      | Became a worshipper of Warmaster Okawaru
  6977 | D:8      | Identified the +1 ring mail "Wanoide" {SInv}
  7051 | D:8      | Found a shimmering blue altar of Sif Muna.
  7207 | D:8      | Noticed a cyclops
  7207 | D:8      | Noticed a boulder beetle
  7302 | D:8      | Noticed an unseen horror
  7309 | D:8      | Killed an unseen horror
  7383 | D:8      | Reached * piety under Okawaru
  7510 | D:8      | Killed a cyclops
  7538 | D:8      | Killed a boulder beetle
  7685 | D:8      | Identified the +8 mace of Qicykke {flame, rCorr}
  7693 | D:8      | Noticed an orb spider
  7693 | D:8      | Noticed a gargoyle
  7704 | D:8      | Killed a gargoyle
  7704 | D:8      | Noticed a swamp dragon
  7752 | D:8      | Succumbed to a swamp dragon's poison gas

Illustrated notes

Levels and vault maps discovered:
D:1:      amcnicky_arrival_blooded_trapdoor, layout_basic, serial_shops, shop
D:2:      layout_basic, serial_forest, infiniplex_forest_pool,
          infiniplex_forest_diagonal, infiniplex_forest_clump_long,
          infiniplex_forest_zigzag_2, infiniplex_forest_straight_2,
          infiniplex_forest_clump_tiny
D:3:      kb_forest_paths, layout_rooms, general_overflow_altar,
          wander_ebering_terrifying_dragon_lair
D:4:      layout_loops_corners, zin_purify, mainiacjoe_overflow_brackets,
          minmay_temple_entry_ruins, serial_shops, shop, kennysheep_little_box,
          shop, shop_fountains
D:5:      layout_rooms, gammafunk_temple_overflow_arena,
          nicolae_overflow_crystal_walls, minmay_shop_damaged
D:6:      layout_rooms, chequers_temple_overflow_statue_of_worship,
          gammafunk_ghost_hive, minmay_ogre_servants, uniq_blork_the_orc
D:7:      layout_loops_cross, nicolae_figureground_pulse
D:8:      minmay_the_grid_octo_triangle [minmay_the_grid_octo_checkerflower,
          minmay_the_grid_octo_prize_single_spiral, minmay_the_grid_octo_teeth],
          layout_basic, okawaru_gym_becter, led_sif_book, serial_shops,
          shop_coins, serial_rivers, chequers_serial_rivers_micro_a,
          chequers_serial_rivers_small_3, chequers_serial_rivers_micro_a,
          chequers_serial_rivers_micro_d, uniq_prince_ribbit1, uniq_erica
Temple:   compressed_dpeg_triangle_lava_temple

Skill      XL: |  1  2  3  4  5  6  7  8  9 10 |
---------------+-------------------------------+-----
Spellcasting   | 5 6 7 |  7.7
Invocations    | 1 2 3 4 5 6 |  6.4
Fighting       | 1 2 3 5 |  5.8
Short Blades   | 1 2 3 5 |  5.8
Long Blades    | 1 2 3 5 |  5.8
Axes           | 1 2 3 5 |  5.8
Maces & Flails | 1 2 3 5 |  5.8
Polearms       | 1 2 3 5 |  5.8
Staves         | 1 2 3 5 |  5.8
Ranged Weapons | 1 2 3 5 |  5.8
Throwing       | 1 2 3 5 |  5.8
Armour         | 1 2 3 5 |  5.8
Shields        | 1 2 3 5 6 |  6.4
Unarmed Combat | 1 2 3 5 |  5.8
Evocations     | 1 2 3 5 |  5.8
Conjurations   | 1 2 3 4 |  4.8
Hexes          | 1 2 3 4 |  4.8
Summonings     | 1 2 3 4 |  4.8
Necromancy     | 1 2 3 4 |  4.8
Translocations | 1 2 3 4 |  4.8
Transmutations | 1 2 3 4 |  4.8
Fire Magic     | 1 2 3 4 |  4.8
Air Magic      | 1 2 3 4 |  4.8
Earth Magic    | 1 2 3 4 |  4.8
Poison Magic   | 1 2 3 4 |  4.8
Dodging        | 5 6 7 |  7.5
Stealth        | 5 6 7 |  7.2
Ice Magic      | 8 |  8.7

Action                   |  1- 3 |  4- 6 |  7- 9 | 10-12 || total
-------------------------+-------+-------+-------+-------++-------
Melee: Unarmed           |    10 |     4 |       |       ||    14
       Bite              |     1 |     1 |       |     4 ||     6
       Dagger            |       |     9 |       |       ||     9
       Scimitar          |       |       |       |    14 ||    14
       Mace              |       |       |       |    11 ||    11
       Punch             |       |       |       |     2 ||     2
 Fire: Arbalest          |       |    39 |    81 |    77 ||   197
 Cast: Freeze            |    51 |    46 |    38 |     7 ||   142
       Frozen Ramparts   |     2 |     5 |    21 |    14 ||    42
       Ozocubu's Armour  |       |     2 |    13 |     7 ||    22
  Use: Potion            |       |       |       |     5 ||     5
 Stab: Sleeping          |       |     3 |       |       ||     3
       Invisible         |       |       |       |     2 ||     2
Armor: Robe              |     9 |    14 |       |       ||    23
       Leather armour    |       |       |    39 |     3 ||    42
       Ring mail         |       |       |       |    35 ||    35
Dodge: Dodged            |    23 |    31 |    51 |    56 ||   161

Table legend: (Time is in decaauts)
 A = Elapsed time spent in this place.
 B = Non-inter-level travel time spent in this place.
 C = Inter-level travel time spent in this place.
 D = Time resting spent in this place.
 E = Time spent auto-exploring this place.
 F = Levels seen in this place.
 G = Mean time per level.
                   A        B        C        D        E       F      G
               +--------+--------+--------+--------+--------+-----+--------+
         Total |   7923 |   7634 |    289 |    185 |   6090 |   9 |  880.3 |
       Dungeon |   7690 |   7414 |    276 |    185 |   5902 |   8 |  961.2 |
        Temple |    233 |    221 |     12 |      0 |    188 |   1 |  233.0 |
               +--------+--------+--------+--------+--------+-----+--------+

Top non-repeatable levels by time:
     D:8: 1323 daAuts
     D:4: 1027 daAuts
     D:1: 978 daAuts
     D:2: 935 daAuts
     D:5: 929 daAuts
     D:3: 892 daAuts
     D:6: 817 daAuts
     D:7: 786 daAuts
  Temple: 233 daAuts
